 Dungeon Crawl Stone Soup version 0.27.0-1-g7a089689b8 (console) character file.

Game seed: 7005578778061843727

6720 jejorda2 the Grappler (level 11, -6/91 HPs)
             Began as a Ghoul Summoner on Aug 2, 2021.
             Was a High Priest of Uskayaw.
             Mangled by a komodo dragon (23 damage)
             ... on level 1 of the Lair of Beasts.
             The game lasted 00:24:52 (9899 turns).

jejorda2 the Grappler (Ghoul Summoner)              Turns: 9899, Time: 00:24:52

Health: -6/91      AC: 13    Str: 22    XL:     11   Next: 4%
Magic:  14/16      EV:  8    Int: 10    God:    Uskayaw [*****.]
Gold:   314        SH:  0    Dex:  9    Spells: 13/13 levels left

rFire    . . .     SeeInvis .     - Unarmed
rCold    + . .     Faith    .   (no shield)
rNeg     + + +     Spirit   .   f - +0 chain mail
rPois    ∞         Reflect  .   (no helmet)
rElec    .         Harm     .   e - +0 cloak
rCorr    .         Rampage  .   (no gloves)
Will     +....                  c - +1 pair of boots
Stlth    ..........             r - amulet of magic regeneration
HPRegen  0.00/turn              k - +6 ring of strength
MPRegen  0.40/turn              i - ring of willpower

@: mighty, inhibited regen
A: claws 1, cold resistance 1, negative energy resistance 3, inhibited
regeneration, torment resistance 2
a: Renounce Religion, Stomp, Line Pass, Grand Finale


You were on level 1 of the Lair of Beasts.
You worshipped Uskayaw.
Uskayaw was aware of your devotion.
You visited 2 branches of the dungeon, and saw 10 of its levels.

You collected 347 gold pieces.
You spent 33 gold pieces at shops.

Inventory:

Hand Weapons
 y - a +2 dagger of electrocution
Missiles
 g - 253 stones
 n - 10 poisoned darts (quivered)
 w - a throwing net
Armour
 c - a +1 pair of boots (worn)
 e - a +0 cloak (worn)
 f - a +0 chain mail (worn)
Jewellery
 i - a ring of willpower (right claw)
 k - a +6 ring of strength (left claw)
 o - a ring of flight
 r - an amulet of magic regeneration (around neck)
Wands
 b - a wand of acid (8)
 v - a wand of mindburst (10)
 z - a wand of flame (8)
Scrolls
 a - 5 scrolls of identify
 d - 2 scrolls of teleportation
 h - a scroll of amnesia
 m - 2 scrolls of blinking
 s - a scroll of fog
 t - 3 scrolls of magic mapping
 u - a scroll of torment {unknown}
 x - a scroll of noise {unknown}
 A - a scroll of summoning
Potions
 j - a potion of curing
 q - a potion of attraction


   Skills:
 + Level 6.7 Fighting
 + Level 6.5 Armour
 - Level 1.7 Dodging
 - Level 2.1 Stealth
 + Level 11.4 Unarmed Combat
 - Level 1.7 Spellcasting
 - Level 3.6 Summonings
 + Level 8.1 Invocations
 + Level 2.3 Evocations


You had 13 spell levels left.
You didn't know any spells.
Your spell library contained the following spells:

 Spells                   Type           Power      Damage    Failure   Level
 Summon Small Mammal      Summ           32%        N/A       47%         1
 Call Imp                 Summ           8%         N/A       63%         2
 Call Canine Familiar     Summ           8%         N/A       85%         3
 Blink                    Tloc           N/A        N/A       98%         2
 Summon Guardian Golem    Hex/Summ       4%         N/A       98%         3
 Dazzling Flash           Conj/Hex       0%         N/A       100%        3
 Lesser Beckoning         Tloc           0%         N/A       100%        3
 Iskenderun's Mystic Bla  Conj/Tloc      0%         2d3       100%        4
 Summon Lightning Spire   Summ/Air       4%         N/A       100%        4
 Manifold Assault         Tloc           0%         N/A       100%        5
 Starburst                Conj/Fire      0%         8x6d3     100%        6


Dungeon Overview and Level Annotations

Branches:
Dungeon (9/15)             Temple (0/1) D:5            Lair (1/6) D:8
    Orc: D:9-12

Altars:
Dithmenos
Fedhas
Qazlal
Ru
Trog
Uskayaw
Wu Jian

Shops:
D:2 ?   D:4 (

Annotations:
D:7 3 runed translucent doors, DemonSlayer's ghost, novice HuBe; Hypnoxylon's ghost, novice GrEE; Nausicaa's ghost, novice TrMo


Innate Abilities, Weirdness & Mutations

You thrive by killing the living.
You are immune to poison.
You have sharp fingernails.
Your flesh is cold resistant. (rC+)
You are immune to negative energy. (rN+++)
You do not regenerate when monsters are visible.
You are immune to unholy pain and torment.


Message History

The cane toad is heavily wounded.
The bullfrog hits you but does no damage.
The cane toad stings you!
* * * LOW HITPOINT WARNING * * *
You claw the cane toad!
The cane toad is almost dead.
The bullfrog completely misses you.
The cane toad stings you but does no damage.
Uskayaw will force your foes to helplessly watch your dance.
Uskayaw prepares the audience for your solo!
The helpless bullfrog fails to defend itself.
You eviscerate the bullfrog!!!
You kill the bullfrog!
You feel better.
Uskayaw will force your foes to share their pain.
Uskayaw links your audience in an emotional bond!
The helpless cane toad fails to defend itself.
You mangle the cane toad!!
You kill the cane toad!
You feel better.
The komodo dragon is no longer paralysed.
You have reached level 11!
You claw the komodo dragon! Your claw misses the komodo dragon.
The komodo dragon is moderately wounded.
The komodo dragon completely misses you.
You claw the komodo dragon!
The komodo dragon is heavily wounded.
The komodo dragon barely misses you.
You can now merge with and destroy a victim.
You claw the komodo dragon!
The komodo dragon is severely wounded.
The komodo dragon bites you!
* * * LOW HITPOINT WARNING * * *
You scratch the komodo dragon.
The komodo dragon is severely wounded.
You closely miss the komodo dragon.
The komodo dragon is severely wounded.
The komodo dragon is no longer sharing its pain.
The komodo dragon bites you!!
You die...

#.F### # ##...........
###.#...####.###...##.###.##
#......F...#..........###.#
#.#...####.###............#
#...P## #.# ##.....#.#####
#.#.# ##.# #.#........##
#... #..# #.#........P# ..#.
##l## #.#.........## ...#.
#†@# #.#........... ##
#..###.#........#.#
##................#
####..#.............##
.....>..##.#.########
#..########.### ###
##############....#
#.###................##
#.....#########.######


You could see a komodo dragon.

Vanquished Creatures
  A two-headed ogre (D:9)
  Pikel (D:8)
  3 cane toads (Lair:1)
  A blink frog (Lair:1)
  6 yaks
  An acid dragon (D:9)
  3 water moccasins
  2 black bears
  2 ice beasts (D:7)
  A sky beast (D:8)
  3 necrophages
  An orc warrior (D:9)
  5 ogres
  3 centaurs
  A lemure (D:8)
  A kobold brigand (D:9)
  7 bullfrogs
  A gnoll sergeant (D:6)
  A water moccasin skeleton (D:7)
  6 killer bees (D:9)
  3 howler monkeys (D:8)
  5 hounds
  A centaur skeleton (D:6)
  A jelly (D:7)
  2 orc priests
  3 iguanas
  9 orc wizards
  A hound zombie (D:3)
  A hound skeleton (D:4)
  A howler monkey zombie (D:5)
  4 adders
  14 gnolls
  2 white imps
  An adder skeleton (D:4)
  A worm (D:2)
  A dart slug (D:1)
  19 orcs
  9 ball pythons
  3 bats
  5 endoplasms
  2 giant cockroaches
  3 goblins
  11 hobgoblins
  4 quokkas
  2 frilled lizards
  7 kobolds
  2 rats
167 creatures vanquished.

Vanquished Creatures (collateral kills)
  A ball python (D:1)
  A goblin (D:1)
2 creatures vanquished.

Vanquished Creatures (others)
  4 fungi (Lair:1)
  2 plants (Lair:1)
  4 withered plants (D:7)
10 creatures vanquished.

Grand Total: 179 creatures vanquished

Notes
Turn   | Place    | Note
-------+----------+-------------------------------------------
     0 | D:1      | jejorda2 the Ghoul Summoner began the quest for the Orb.
     0 | D:1      | Reached XP level 1. HP: 14/14 MP: 2/2
   292 | D:1      | Reached skill level 1 in Unarmed Combat
   297 | D:1      | Reached XP level 2. HP: 16/22 MP: 3/3
   304 | D:1      | Reached skill level 1 in Fighting
   410 | D:1      | Reached skill level 2 in Unarmed Combat
   429 | D:1      | Found a faded altar of an unknown god.
   466 | D:1      | Became a worshipper of Uskayaw the Reveller
   466 | D:1      | Reached * piety under Uskayaw
   510 | D:1      | Reached ** piety under Uskayaw
   604 | D:1      | Reached XP level 3. HP: 28/28 MP: 4/4
   982 | D:2      | Found Zoow's Magic Scroll Shoppe.
   992 | D:2      | Bought a scroll of teleportation for 33 gold pieces
  1141 | D:2      | Reached XP level 4. HP: 33/36 MP: 0/5
  2094 | D:3      | Reached skill level 3 in Unarmed Combat
  2094 | D:3      | Reached skill level 1 in Invocations
  2124 | D:3      | Reached skill level 1 in Armour
  2323 | D:3      | Reached XP level 5. HP: 38/41 MP: 6/6
  2698 | D:4      | Found Dashetil's Weapon Shoppe.
  2698 | D:4      | Noticed an ogre
  2707 | D:4      | Noticed a black bear
  2711 | D:3      | Killed an ogre
  2712 | D:3      | Reached skill level 4 in Unarmed Combat
  2791 | D:3      | Reached *** piety under Uskayaw
  2793 | D:3      | Killed a black bear
  2794 | D:3      | Reached XP level 6. HP: 17/50 MP: 7/7
  3236 | D:4      | Noticed a necrophage
  3253 | D:4      | Killed a necrophage
  3254 | D:4      | Reached skill level 5 in Unarmed Combat
  3254 | D:4      | Reached XP level 7. HP: 46/57 MP: 0/8
  3728 | D:5      | Entered Level 5 of the Dungeon
  3855 | D:5      | Found a staircase to the Ecumenical Temple.
  4065 | D:5      | Reached skill level 6 in Unarmed Combat
  4504 | D:5      | Reached XP level 8. HP: 54/66 MP: 9/9
  4959 | D:6      | Reached skill level 7 in Unarmed Combat
  5252 | D:6      | Reached skill level 5 in Fighting
  5262 | D:6      | Reached **** piety under Uskayaw
  5803 | D:6      | Reached skill level 5 in Invocations
  5803 | D:6      | Reached XP level 9. HP: 55/74 MP: 6/11
  6248 | D:7      | Reached skill level 8 in Unarmed Combat
  6389 | D:7      | Found a runed translucent gate.
  6390 | D:7      | Found a runed translucent gate.
  6391 | D:7      | Found a runed translucent gate.
  6392 | D:7      | Noticed Nausicaa's ghost (novice TrMo)
  6392 | D:7      | Noticed Hypnoxylon's ghost (novice GrEE)
  6392 | D:7      | Noticed DemonSlayer's ghost (novice HuBe)
  7011 | D:8      | Found a shadowy altar of Dithmenos.
  7012 | D:8      | Found a bloodstained altar of Trog.
  7013 | D:8      | Found a stormy altar of Qazlal.
  7157 | D:8      | Reached skill level 9 in Unarmed Combat
  7165 | D:8      | Reached skill level 5 in Armour
  7474 | D:8      | Found a staircase to the Lair.
  7781 | D:8      | Noticed Pikel
  7822 | D:8      | Killed Pikel
  7823 | D:8      | Reached skill level 10 in Unarmed Combat
  7823 | D:8      | Reached XP level 10. HP: 63/83 MP: 12/14
  8082 | D:8      | Found a blossoming altar of Fedhas.
  8084 | D:8      | Found an ornate altar of the Wu Jian Council.
  8084 | D:8      | Found a sacrificial altar of Ru.
  8720 | D:9      | Noticed a two-headed ogre
  8732 | D:9      | Killed a two-headed ogre
  8733 | D:9      | Reached skill level 11 in Unarmed Combat
  9682 | Lair:1   | Entered Level 1 of the Lair of Beasts
  9795 | Lair:1   | Reached skill level 1 in Evocations
  9840 | Lair:1   | Noticed a cane toad
  9840 | Lair:1   | Noticed a cane toad
  9859 | Lair:1   | Killed a cane toad
  9866 | Lair:1   | Noticed a cane toad
  9879 | Lair:1   | HP: 3/84 [cane toad (16)]
  9881 | Lair:1   | Killed a cane toad
  9894 | Lair:1   | Killed a cane toad
  9895 | Lair:1   | Reached XP level 11. HP: 28/91 MP: 13/16
  9896 | Lair:1   | Reached ***** piety under Uskayaw
  9899 | Lair:1   | Mangled by a komodo dragon

Illustrated notes

Levels and vault maps discovered:
D:1:      nzn_arrival_depleted_hourglass, layout_rooms,
          hellmonk_ecumenical_altar_run_dry
D:2:      layout_basic, serial_shops, nicolae_shop_waterfront
D:3:      layout_basic, grunt_decor_junction
D:4:      layout_rooms, nicolae_stop_n_shop_2
D:5:      layout_gridville, minmay_temple_entry_slanted
D:6:      layout_basic, serial_curves, eino_curves_03, eino_curves_02
D:7:      layout_cave_pods, gammafunk_ghost_cemetery
D:8:      layout_rooms, minitemple, gammafunk_temple_overflow_forgotten,
          minmay_misc_feat_ornament, uniq_pikel
D:9:      layout_stronghold
Lair:1:   layout_loops_ring, pond, grunt_megastairs_3

Skill      XL: |  1  2  3  4  5  6  7  8  9 10 |
---------------+-------------------------------+-----
Unarmed Combat | 1 2 3 4 5 6 7 10 11 | 11.4
Fighting       | 1 2 3 4 5 6 |  6.7
Invocations    | 1 2 3 5 6 8 |  8.1
Armour         | 1 2 3 4 5 6 |  6.5
Evocations     | 2 |  2.3
Dodging        | |  1.7
Stealth        | |  2.1
Spellcasting   | |  1.7
Summonings     | |  3.6

Action                   |  1- 3 |  4- 6 |  7- 9 | 10-12 || total
-------------------------+-------+-------+-------+-------++-------
Melee: Unarmed           |   102 |   188 |   358 |   124 ||   772
       Punch             |       |     2 |    11 |     5 ||    18
Throw: Dart              |       |     2 |    26 |     6 ||    34
 Cast: Summon Small Mamm |     5 |       |       |       ||     5
Invok: Line Pass         |     1 |     2 |     5 |     2 ||    10
       Stomp             |       |     1 |     2 |     2 ||     5
Evoke: Wand              |       |       |       |     1 ||     1
  Use: Scroll            |       |       |    10 |       ||    10
       Potion            |       |       |       |     2 ||     2
 Stab: Confused          |     1 |       |     1 |     1 ||     3
       Paralysed         |       |     1 |     5 |     4 ||    10
Armor: Leather armour    |    13 |       |       |       ||    13
       Ring mail         |     8 |       |       |       ||     8
       Chain mail        |    17 |   145 |   188 |    76 ||   426
Dodge: Dodged            |    40 |    79 |   122 |    41 ||   282
